cohdb
Replays
Latest Replays
All Replays
Popular Replays
Top Player Replays
Match Explorer
How It Works
Community
CoH3 Stats
Reddit
Sign in to upload your games and track your stats! →
Sign in with Steam
Match 27848750
Unlisted
Match 27848750
Overview
Messages
Build Orders
End
Kradschützen Motorcycle Team
Panzergrenadier Squad
Panzergrenadier Squad
Construct Light Support Kompanie
2.5-tonne Medical Truck
Panzerjäger Squad
Fire Support Elements
Flakvierling Half-track
le.IG 18 Mechanized Group
Combat Half-tracks
Veteran Squad Leaders
Panzergrenadier Squad
Selects Battlefield Espionage Battlegroup
Selects Intel Disruption Beacon
Selects Transfer Depots
Pak 38 Anti-tank Gun Team
Flakvierling Half-track
Kradschützen Motorcycle Team
Assault Mechanized Group
Selects Disruption Operation
Selects 250/3 Funkpanzerwagen
Selects Anti-Tank Incendiary Munitions
MG34 Team
Construct Panzerarmee Kommand
Armored Reserves
Selects Operation Skorpion
Disruption Operation
Vehicle Survival Package
Rapid Advance
Disruption Operation
Tiger Heavy Tank
HulkSMASH
Ruby
CAuMOH
sniper shot reduces your mom lif
0
0
Comments
sign in to comment!
No comments posted yet!